 Dungeon Crawl Stone Soup version 0.25.1-2-g60ff931df9 (webtiles) character file.

Game seed: 6831664275098380595

59 DildoBatman the Magician (level 4, 0/30 HPs)
             Began as a Formicid Wizard on Sept 5, 2020.
             Slain by a giant cockroach (2 damage)
             ... on level 2 of the Dungeon.
             The game lasted 00:02:57 (1325 turns).

DildoBatman the Magician (Formicid Wizard)          Turns: 1325, Time: 00:02:58

Health: 0/30       AC:  2    Str: 12    XL:     4   Next: 22%
Magic:  8/8        EV: 12    Int: 18    God:
Gold:   103        SH:  0    Dex:  9    Spells: 8/9 levels left

rFire    . . .     SeeInvis +   f - +0 short sword (speed)
rCold    . . .     Gourm    .   (no shield)
rNeg     . . .     Faith    .   m - +0 robe
rPois    .         Spirit   .   (helmet unavailable)
rElec    .         Reflect  .   (no cloak)
rCorr    .         Harm     .   (no gloves)
MR       .....                  (no boots)
Stlth    +++.......             (no amulet)
HPRegen  0.10/turn              o - ring of stealth
MPRegen  0.11/turn              (no ring)

@: no status effects
A: permanent stasis, dig shafts and tunnels, four strong arms, antennae 3
a: Dig, Shaft Self


You were on level 2 of the Dungeon.
You were not hungry.

You visited 1 branch of the dungeon, and saw 2 of its levels.

You collected 103 gold pieces.

Inventory:

Hand Weapons
 a - a +0 hunting sling
 b - a +0 short sword
 f - a +0 short sword of speed (weapon)
Missiles
 d - 19 arrows
 g - 58 stones (quivered)
 l - 40 sling bullets
Armour
 m - a +0 robe (worn)
 n - a +0 buckler
Jewellery
 o - a ring of stealth (left hand)
Scrolls
 c - 2 scrolls of magic mapping {unknown}
 e - 2 scrolls of enchant weapon {unknown}
 h - a scroll of immolation {unknown}
 i - a scroll of noise {unknown}
 p - a scroll of fear {unknown}
Potions
 j - a potion of degeneration {unknown}
Comestibles
 k - 2 chunks of flesh
 v - 2 rations


   Skills:
 - Level 1.7 Dodging
 - Level 2.4 Stealth
 * Level 1.7 Shields
 - Level 3.2 Spellcasting
 * Level 3.0 Conjurations
   Level 1.0 Summonings
   Level 0.8 Translocations


You had 8 spell levels left.
You knew the following spells:

 Your Spells              Type           Power        Failure   Level  Hunger
c - Magic Dart            Conj           ##..         4%          1    None

Your spell library contained the following spells:

 Spells                   Type           Power        Failure   Level  Hunger
 Call Imp                 Summ           #.......     16%         2    ##.....
 Slow                     Hex            #.......     24%         2    ##.....
 Conjure Flame            Conj/Fire      #.......     26%         3    ###....
 Mephitic Cloud           Conj/Pois/Air  #.......     32%         3    ###....
 Blink                    Tloc           Unusable     N/A         2    N/A

Dungeon Overview and Level Annotations

Branches:
Dungeon (2/15)

Altars:
Dithmenos


Innate Abilities, Weirdness & Mutations

You cannot be hasted, slowed, berserked, paralysed or teleported.
You can dig through walls and to a lower floor.
Your four strong arms can wield two-handed weapons with a shield.
You have a pair of large antennae on your head. (SInv)


Message History

Anything else - Cancel.
You shout for attention!
The giant cockroach closely misses you. What are your orders? t - Shout!
Orders for allies: a - Attack new target. r - Retreat! s - Stop attacking. g - Guard the area. f - Follow me.
Anything else - Cancel.
You shout for attention!
The giant cockroach closely misses you. What are your orders? t - Shout!
Orders for allies: a - Attack new target. r - Retreat! s - Stop attacking. g - Guard the area. f - Follow me.
Anything else - Cancel.
You shout for attention!
The giant cockroach bites you.
You die...

#...##..#...#..
#.#....###.>...
#...##..#......
###.##.)....###
#.......### # ####.####
# # ##.## # ##.######
#...# # #..s@...# #...#
# #.#####.# #...# #
####.#####.###...##### #
#.......##...........###
.......................
#. #..#.##...........###
#..##.......###...#####
#..#)..#.######...##
#..#.#.#.# #......# ##


You could see a giant cockroach.

Vanquished Creatures
  A hound (D:2)
  2 dart slugs
  3 bats
  A giant cockroach (D:2)
  3 goblins
  2 hobgoblins (D:1)
  3 frilled lizards
  4 kobolds
  5 rats
24 creatures vanquished.

Notes
Turn   | Place    | Note
-------+----------+-------------------------------------------
     0 | D:1      | DildoBatman the Formicid Wizard began the quest for the
                  | Orb.
     0 | D:1      | Reached XP level 1. HP: 13/13 MP: 4/4
    38 | D:1      | Reached skill level 1 in Conjurations
   340 | D:1      | Reached XP level 2. HP: 19/19 MP: 0/6
   623 | D:2      | Found a shadowy altar of Dithmenos.
   747 | D:2      | Reached XP level 3. HP: 24/24 MP: 1/7
  1098 | D:2      | Reached skill level 1 in Shields
  1098 | D:2      | Reached XP level 4. HP: 7/30 MP: 0/8
  1318 | D:2      | HP: 1/30 [giant cockroach (1)]
  1325 | D:2      | Slain by a giant cockroach

Illustrated notes

Levels and vault maps discovered:
D:1:      minmay_arrival_loop, layout_basic
D:2:      layout_loops_cross, xom_butterflies, nicolae_dithmenos_shadow_blocks,
          chequers_serial_rivers_micro_a

Skill      XL: |  1  2  3 |
---------------+----------+-----
Conjurations   | 1 2 3 |  3.0
Shields        | 1 |  1.7
Dodging        | |  1.7
Stealth        | |  2.4
Spellcasting   | |  3.2
Summonings     | |  1.0
Translocations | |  0.8

Action                   |  1- 3 |  4- 6 || total
-------------------------+-------+-------++-------
Melee: Unarmed           |     3 |       ||     3
       Short sword       |     9 |       ||     9
       Club              |     1 |       ||     1
 Fire: Hunting sling     |     4 |       ||     4
 Cast: Magic Dart        |    47 |     1 ||    48
 Stab: Sleeping          |     2 |       ||     2
  Eat: Chunk             |       |     1 ||     1
Armor: Robe              |     7 |    33 ||    40
Dodge: Dodged            |    19 |    76 ||    95
